PL
PHOENIX HOTSPUR @ AUSTIN RANGERS
04/16/2029
 
TOP OF THE 1ST
Phoenix Hotspur batting - Pitching for Austin Rangers : LHP Juan Cardenas
Pitching: LHP Juan Cardenas
Batting: RHB Pierre Bernard 0-0: SINGLE (Flyball, 7S)
Batting: RHB Jesús Álvarez 0-0: Foul Ball, location: 2F
0-1: Ball
1-1: Ball
2-1: Foul Ball, location: 2F
2-2: Strikes out swinging
Batting: RHB Ted Cook 0-0: Ball
Pierre Bernard steals 2nd base
1-0: Foul Ball, location: 2F
1-1: Ground out 4-3 (Groundball, 4)
Pierre Bernard to third
Batting: RHB Alex Niemann 0-0: Foul Ball, location: 2F
0-1: Ball
1-1: Swinging Strike
1-2: Ball
2-2: Strikes out looking
Top of the 1st over - 0 runs, 1 hit, 0 errors, 1 left on base; Phoenix 0 - Austin 0
BOTTOM OF THE 1ST
Austin Rangers batting - Pitching for Phoenix Hotspur : RHP Miguel Rubia
Pitching: RHP Miguel Rubia
Batting: SHB Ricardo Pérez 0-0: Called Strike
0-1: Foul Ball, location: 2F
0-2: Ball
1-2: Strikes out looking
Batting: RHB Jesús Villalba 0-0: Called Strike
0-1: Foul Ball, location: 2F
0-2: Foul Ball, location: 2F
0-2: Strikes out swinging
Batting: SHB Xavier Vásquez 0-0: Called Strike
0-1: Ball
1-1: Swinging Strike
1-2: Strikes out swinging
Bottom of the 1st over - 0 runs, 0 hits, 0 errors, 0 left on base; Phoenix 0 - Austin 0
TOP OF THE 2ND
Phoenix Hotspur batting - Pitching for Austin Rangers : LHP Juan Cardenas
Batting: LHB Francisco García 0-0: Ball
1-0: SINGLE (Line Drive, 4M)
Batting: RHB Júlio Mateo 0-0: Called Strike
0-1: Ball
1-1: Ball
2-1: Swinging Strike
2-2: Strikes out swinging
Batting: LHB Shojiro Ueda 0-0: Ball
Francisco García is caught stealing 2nd base
1-0: Swinging Strike
1-1: Ball
2-1: Ground out 1-3 (Groundball, P)
Top of the 2nd over - 0 runs, 1 hit, 0 errors, 0 left on base; Phoenix 0 - Austin 0
BOTTOM OF THE 2ND
Austin Rangers batting - Pitching for Phoenix Hotspur : RHP Miguel Rubia
Batting: RHB Yoshihito Samurakami 0-0: Ball
1-0: Ball
2-0: Foul Ball, location: 2F
2-1: Ball
3-1: Base on Balls
Batting: LHB Stefan Vanderhoof 0-0: Ball
1-0: Ball
2-0: Called Strike
2-1: Foul Ball, location: 2F
2-2: Fielders Choice at 2nd, 3-6 (Groundball, 34)
Batting: RHB Tony Hernández 0-0: Called Strike
0-1: Ball
1-1: Foul Ball, location: 2F
1-2: Ball
2-2: Ball
3-2: Foul Ball, location: 2F
3-2: Strikes out looking
Batting: LHB Dawit Lihalakha 0-0: Called Strike
0-1: Ball
1-1: Fly out, F8 (Flyball, 8RXD)
Bottom of the 2nd over - 0 runs, 0 hits, 0 errors, 1 left on base; Phoenix 0 - Austin 0
TOP OF THE 3RD
Phoenix Hotspur batting - Pitching for Austin Rangers : LHP Juan Cardenas
Batting: LHB Luis Díaz 0-0: Swinging Strike
0-1: Foul Ball, location: 2F
0-2: Ball
1-2: Ball
2-2: Foul Ball, location: 2F
2-2: Ball
3-2: Strikes out swinging
Batting: SHB Jesús González 0-0: Ball
1-0: Foul Ball, location: 2F
1-1: Ball
2-1: Ball
3-1: Swinging Strike
3-2: Base on Balls
Batting: RHB Pierre Bernard 0-0: Called Strike
0-1: Called Strike
0-2: SINGLE (Line Drive, 34)
Jesús González to second
Batting: RHB Jesús Álvarez 0-0: Ball
1-0: Foul Ball, location: 2F
1-1: Called Strike
1-2: Strikes out swinging
Batting: RHB Ted Cook 0-0: Ball
1-0: Swinging Strike
1-1: Ball
2-1: Ball
3-1: Fly out, F9 (Flyball, 89M)
Top of the 3rd over - 0 runs, 1 hit, 0 errors, 2 left on base; Phoenix 0 - Austin 0
BOTTOM OF THE 3RD
Austin Rangers batting - Pitching for Phoenix Hotspur : RHP Miguel Rubia
Batting: SHB Carlos Kramer 0-0: Ball
1-0: Foul Ball, location: 2F
1-1: Called Strike
1-2: Ground out 6-3 (Groundball, 6)
Batting: LHB Álex Ramírez 0-0: Called Strike
0-1: Called Strike
0-2: Ball
1-2: Ball
2-2: Strikes out swinging
Batting: SHB Ricardo Pérez 0-0: Fly out, F8 (Flyball, 8LM)
Bottom of the 3rd over - 0 runs, 0 hits, 0 errors, 0 left on base; Phoenix 0 - Austin 0
TOP OF THE 4TH
Phoenix Hotspur batting - Pitching for Austin Rangers : LHP Juan Cardenas
Batting: RHB Alex Niemann 0-0: SINGLE (Line Drive, 6M)
Batting: LHB Francisco García 0-0: Ball
1-0: Foul Ball, location: 2F
1-1: Swinging Strike
1-2: Ball
2-2: Ball
3-2: Base on Balls
Alex Niemann to second
Batting: RHB Júlio Mateo 0-0: Fly out, F9 (Flyball, 9LM)
Batting: LHB Shojiro Ueda 0-0: Ball
1-0: Fielders Choice at 2nd, 3-6 (Groundball, 3)
Alex Niemann to third
Batting: LHB Luis Díaz 0-0: Foul Ball, location: 2F
0-1: Fly out, F6 (Popup, 6S)
Top of the 4th over - 0 runs, 1 hit, 0 errors, 2 left on base; Phoenix 0 - Austin 0
BOTTOM OF THE 4TH
Austin Rangers batting - Pitching for Phoenix Hotspur : RHP Miguel Rubia
Batting: RHB Jesús Villalba 0-0: Ball
1-0: Foul Ball, location: 2F
1-1: SINGLE (Groundball, 34D)
Batting: SHB Xavier Vásquez 0-0: Called Strike
0-1: Ball
1-1: Ball
2-1: Ball
3-1: Called Strike
3-2: Strikes out swinging
Batting: RHB Yoshihito Samurakami 0-0: Ball
1-0: Ball
2-0: Foul Ball, location: 2F
2-1: Called Strike
2-2: Fielders Choice at 2nd, 3-6 (Groundball, 3)
Batting: LHB Stefan Vanderhoof 0-0: Swinging Strike
0-1: Ball
1-1: Fielders Choice at 2nd, 6-4 (Groundball, 6)
Bottom of the 4th over - 0 runs, 1 hit, 0 errors, 1 left on base; Phoenix 0 - Austin 0
TOP OF THE 5TH
Phoenix Hotspur batting - Pitching for Austin Rangers : LHP Juan Cardenas
Pitching: RHP Weston Fisher
Batting: SHB Jesús González 0-0: Ball
1-0: Swinging Strike
1-1: Ball
2-1: Ball
3-1: Base on Balls
Batting: RHB Pierre Bernard 0-0: Bunt missed!
0-1: Bunt - Flyout! F1
Batting: RHB Jesús Álvarez 0-0: Called Strike
0-1: Ball
1-1: Swinging Strike
1-2: Foul Ball, location: 2F
1-2: SINGLE (Groundball, 6D)
Jesús González to second
Batting: RHB Ted Cook 0-0: Fly out, F8 (Flyball, 8RXD)
Runner from 2nd tags up, SAFE at 3rd, no throw
Batting: RHB Alex Niemann 0-0: Called Strike
0-1: Foul Ball, location: 2F
0-2: Ground out 5-3 (Groundball, 56S)
Top of the 5th over - 0 runs, 1 hit, 0 errors, 2 left on base; Phoenix 0 - Austin 0
BOTTOM OF THE 5TH
Austin Rangers batting - Pitching for Phoenix Hotspur : RHP Miguel Rubia
Pitching: RHP Adam Garrison
Batting: RHB Tony Hernández 0-0: Ball
1-0: Bunt for hit - play at first, batter OUT! 3-4
Batting: LHB Dawit Lihalakha 0-0: Ball
1-0: Ground out 4-3 (Groundball, 4)
Batting: SHB Carlos Kramer 0-0: Ball
1-0: Swinging Strike
1-1: Called Strike
1-2: Ball
2-2: Foul Ball, location: 2F
2-2: Strikes out swinging
Bottom of the 5th over - 0 runs, 0 hits, 0 errors, 0 left on base; Phoenix 0 - Austin 0
TOP OF THE 6TH
Phoenix Hotspur batting - Pitching for Austin Rangers : RHP Weston Fisher
Batting: LHB Francisco García 0-0: Swinging Strike
0-1: Ball
1-1: Called Strike
1-2: Strikes out looking
Batting: RHB Júlio Mateo 0-0: Ball
1-0: Swinging Strike
1-1: Foul Ball, location: 2F
1-2: Ball
2-2: Strikes out looking
Batting: LHB Shojiro Ueda 0-0: Ball
1-0: SINGLE (Groundball, 6D)
Batting: LHB Luis Díaz 0-0: Foul Ball, location: 2F
0-1: Ball
1-1: Called Strike
1-2: Ground out U3 (Groundball, 3)
Top of the 6th over - 0 runs, 1 hit, 0 errors, 1 left on base; Phoenix 0 - Austin 0
BOTTOM OF THE 6TH
Austin Rangers batting - Pitching for Phoenix Hotspur : RHP Adam Garrison
Batting: LHB Álex Ramírez 0-0: Ball
1-0: Swinging Strike
1-1: Swinging Strike
1-2: Ball
2-2: Strikes out swinging
Batting: SHB Ricardo Pérez 0-0: Swinging Strike
0-1: Ground out 5-3 (Groundball, 56S)
Batting: RHB Jesús Villalba 0-0: Ball
1-0: Called Strike
1-1: Ball
2-1: Foul Ball, location: 2F
2-2: Ball
3-2: Foul Ball, location: 2F
3-2: Ground out 5-3 (Groundball, 56)
Bottom of the 6th over - 0 runs, 0 hits, 0 errors, 0 left on base; Phoenix 0 - Austin 0
TOP OF THE 7TH
Phoenix Hotspur batting - Pitching for Austin Rangers : RHP Weston Fisher
Batting: SHB Jesús González 0-0: Called Strike
0-1: Ball
1-1: Ball
2-1: Ground out 4-3 (Groundball, 4)
Pinch Hitting: LHB Mario Cruz 0-0: Ball
1-0: SOLO HOME RUN (Flyball, 89XD), Distance : 437 ft
Pinch Hitting: RHB Roland Deschain 0-0: Ball
1-0: Swinging Strike
1-1: Foul Ball, location: 2F
1-2: Ground out 6-3 (Groundball, 56)
Batting: RHB Kyle Bywaters 0-0: Ball
1-0: Fly out, F5 (Line Drive, 5L)
Top of the 7th over - 1 run, 1 hit, 0 errors, 0 left on base; Phoenix 1 - Austin 0
BOTTOM OF THE 7TH
Austin Rangers batting - Pitching for Phoenix Hotspur : RHP Adam Garrison
Now at 2B: Roland Deschain
Now in CF: Gabriel Pérez
Batting: SHB Xavier Vásquez 0-0: Called Strike
0-1: Foul Ball, location: 2F
0-2: Ground out 4-3 (Groundball, 34D)
Batting: RHB Yoshihito Samurakami 0-0: SINGLE (Groundball, 34D)
Pinch Hitting: LHB Count Dante 0-0: Reached on error, E5 (Groundball, 56)
Yoshihito Samurakami to second
Pinch Hitting: LHB Yun Yen 0-0: Called Strike
0-1: Called Strike
0-2: Ball
1-2: Ball
2-2: Ball
3-2: Grounds out, U3 (Groundball, 3L)
Yoshihito Samurakami to third
Pinch Hitting: LHB Jesús Reyes 0-0: Ball
1-0: Called Strike
1-1: DOUBLE (Groundball, 3L)
Yoshihito Samurakami scores
Count Dante scores
Batting: SHB Carlos Kramer 0-0: Ball
1-0: Fly out, F9 (Flyball, 9)
Bottom of the 7th over - 2 runs, 2 hits, 1 error, 1 left on base; Phoenix 1 - Austin 2
TOP OF THE 8TH
Phoenix Hotspur batting - Pitching for Austin Rangers : RHP Weston Fisher
Now at 1B: Yun Yen
Now at 3B: Joseph Gray
Now at SS: Freddy Torres
Batting: RHB Alex Niemann 0-0: Ball
1-0: Ground out 5-3 (Groundball, 56S)
Pinch Hitting: RHB Marc Meertens 0-0: Ball
1-0: Called Strike
1-1: Swinging Strike
1-2: Ground out 4-3 (Groundball, 34)
Batting: RHB Júlio Mateo 0-0: Ball
1-0: Swinging Strike
1-1: Swinging Strike
1-2: Strikes out looking
Top of the 8th over - 0 runs, 0 hits, 0 errors, 0 left on base; Phoenix 1 - Austin 2
BOTTOM OF THE 8TH
Austin Rangers batting - Pitching for Phoenix Hotspur : RHP Adam Garrison
Now in RF: Derek Blair
Batting: LHB Álex Ramírez 0-0: Swinging Strike
0-1: Ball
1-1: Foul Ball, location: 2F
1-2: Ball
2-2: Strikes out looking
Pinch Hitting: RHB Guillermo Coss 0-0: Ball
1-0: Ground out U3 (Groundball, 34S)
Pinch Hitting: LHB Héctor Cortéz 0-0: Foul Ball, location: 2F
0-1: Swinging Strike
0-2: SINGLE (Groundball, 4D)
Batting: RHB Miguel Morán 0-0: Called Strike
0-1: Ball
1-1: Called Strike
1-2: SINGLE (Groundball, 4D)
Héctor Cortéz to second
Batting: RHB Yoshihito Samurakami 0-0: Ball
Wild Pitch!
Héctor Cortéz to third
Miguel Morán to second
1-0: Ball
2-0: Called Strike
2-1: Ball
3-1: Ground out 6-3 (Groundball, 6)
Bottom of the 8th over - 0 runs, 2 hits, 0 errors, 2 left on base; Phoenix 1 - Austin 2
TOP OF THE 9TH
Phoenix Hotspur batting - Pitching for Austin Rangers : RHP Weston Fisher
Pitching: RHP Júlio Rodríguez
Now at 3B: Guillermo Coss
Now in LF: Héctor Cortéz
Pinch Hitting: RHB Randy Rehling 0-0: Called Strike
0-1: Ball
1-1: Foul Ball, location: 2F
1-2: Strikes out swinging
Batting: LHB Luis Díaz 0-0: Ball
1-0: Swinging Strike
1-1: Ball
2-1: Foul Ball, location: 2F
2-2: Strikes out looking
Batting: SHB Jesús González 0-0: Foul Ball, location: 2F
0-1: Foul Ball, location: 2F
0-2: Foul Ball, location: 2F
0-2: Strikes out swinging
Top of the 9th over - 0 runs, 0 hits, 0 errors, 0 left on base; Phoenix 1 - Austin 2
Tuesday, December 19th, 2017 - OOTP Baseball 18.8 Build 76